 Dungeon Crawl Stone Soup version 0.31-a0-986-g5e6e4ef867 (webtiles) character file.

Game seed: 13847059155330385175

27148 wingedge the Zephyrmancer (level 12, -6/97 HPs)
             Began as a Demigod Wanderer on Nov 9, 2023.
             Mangled by a white ugly thing (20 damage)
             ... on level 12 of the Dungeon.
             The game lasted 00:44:37 (17808 turns).

wingedge the Zephyrmancer (Demigod Wanderer)       Turns: 17808, Time: 00:44:38

Health: -6/97      AC: 10    Str: 18    XL:     12   Next: 66%
Magic:  5/29       EV: 10    Int: 31    God:
Gold:   487        SH: 10    Dex: 16    Spells: 17/29 levels left

rFire   . . .        a - +1 broad axe (freeze)
rCold   . . .        c - +0 buckler
rNeg    . . .        d - +0 acid dragon scales
rPois   .            r - +1 hat
rElec   .            (no cloak)
rCorr   +            e - +0 pair of gloves {hurl}
SInv    .            U - +0 pair of boots
Will    +++..        O - amulet of reflection
Stlth   ++           o - ring of Muinal {rC- Will++ Str+6 Int+3 Stlth+}
HPRegen 0.36/turn    W - ring of protection from cold
MPRegen 0.21/turn

%: reflection
@: about to teleport
A: high MP 1, forlorn, divine attributes
a: no special abilities


You were on level 12 of the Dungeon.
You visited 1 branch of the dungeon, and saw 12 of its levels.

You collected 720 gold pieces.
You spent 233 gold pieces at shops.

Inventory:

Hand Weapons
 a - a +1 broad axe of freezing (weapon)
 g - a +0 dagger of venom
 v - a +1 dagger of freezing
 B - a +2 dagger
 X - the +2 arbalest of Diro {freeze, rF+}
   (You took it off a tengu warrior on level 12 of the Dungeon)

   rF+:       It protects you from fire.
Missiles
 H - 47 poisoned darts
 L - 15 curare-tipped darts (quivered)
 M - 5 atropa-tipped darts
Armour
 c - a +0 buckler (worn)
 d - +0 acid dragon scales (worn)
 e - a +0 pair of gloves of hurling (worn)
 r - a +1 hat (worn)
 U - a +0 pair of boots (worn)
Magical Staves
 b - a staff of air
 C - a staff of cold
Jewellery
 f - the ring "Ompotz" {Fly rF+ rCorr Dex-5 Stlth+}
   (You took it off a deep elf pyromancer on level 12 of the Dungeon)

   [ring of protection from fire]

   Dex-5:     It affects your dexterity (-5).
   rF+:       It protects you from fire.
   Fly:       It grants you flight.
   rCorr:     It protects you from acid and corrosion.
   Stlth+:    It makes you more stealthy.
 o - the ring of Muinal (left hand) {rC- Will++ Str+6 Int+3 Stlth+}
   (You acquired it on level 12 of the Dungeon)

   [ring of strength]

   Str+6:     It affects your strength (+6).
   Int+3:     It affects your intelligence (+3).
   rC-:       It makes you vulnerable to cold.
   Will++:    It greatly increases your willpower.
   Stlth+:    It makes you more stealthy.
 N - a +5 ring of evasion
 O - an amulet of reflection (around neck)
 P - a ring of positive energy
 W - a ring of protection from cold (right hand)
Wands
 y - a wand of flame (97)
 D - a wand of mindburst (8)
 J - a wand of light (9)
 Z - a wand of roots (4)
Scrolls
 i - 4 scrolls of brand weapon
 l - 5 scrolls of enchant armour
 n - 4 scrolls of noise
 q - 2 scrolls of fog
 s - 3 scrolls of revelation
 w - a scroll of poison
 x - 3 scrolls of amnesia
 z - a scroll of immolation
 G - 4 scrolls of vulnerability
 V - a scroll of blinking
Potions
 h - a potion of magic
 j - a potion of experience {unknown}
 k - 3 potions of curing
 m - 3 potions of haste
 p - 2 potions of enlightenment {unknown}
 t - 2 potions of heal wounds
 u - 2 potions of might {unknown}
 A - 3 potions of lignification {unknown}
 E - a potion of brilliance {unknown}
 I - 2 potions of attraction {unknown}
 R - a potion of invisibility {unknown}
 S - a potion of ambrosia {unknown}


   Skills:
 + Level 6.5 Fighting
 - Level 2.0 Throwing
 - Level 3.0 Armour
 - Level 3.0 Shields
 + Level 9.3 Spellcasting
 - Level 6.0 Conjurations
 - Level 9.1 Summonings
 + Level 4.0 Fire Magic
 - Level 10.0 Air Magic
 - Level 6.0 Earth Magic


You had 17 spell levels left.
You knew the following spells:

 Your Spells              Type           Power      Damage    Failure   Level
a - Sandblast             Erth           100%       2d20      1%          1
b - Stone Arrow           Conj/Erth      100%       3d13      1%          3
c - Summon Lightning Spi  Summ/Air       65%        N/A       1%          4
d - Airstrike             Air            33%        2d(5-21)  1%          4

Your spell library contained the following spells:

 Spells                   Type           Power      Damage    Failure   Level
 Foxfire                  Conj/Fire      100%       2x1d9     1%          1
 Shock                    Conj/Air       100%       1d9       1%          1
 Static Discharge         Conj/Air       100%       3-8/arc   1%          2
 Swiftness                Air            66%        N/A       1%          3
 Momentum Strike          Conj/Tloc      66%        3d9       2%          2
 Hailstorm                Conj/Ice       33%        3d8       4%          3
 Blink                    Tloc           28%        N/A       9%          2
 Lesser Beckoning         Tloc           28%        N/A       9%          2
 Summon Ice Beast         Ice/Summ       42%        N/A       9%          4
 Gell's Gravitas          Tloc           14%        N/A       17%         3
 Teleport Other           Tloc           14%        N/A       17%         3
 Plasma Beam              Fire/Air       27%        2x1d40    45%         6
 Starburst                Conj/Fire      22%        6d8       75%         6
 Simulacrum               Ice/Necr       7%         N/A       100%        6


Dungeon Overview and Level Annotations

Branches:
Dungeon (12/15)            Temple (0/1) D:5            Lair (0/5) D:11
    Orc (0/2) D:10

Shops:
D:3 (   D:4 (   D:5 *   D:10 :   D:11 :

Portals:
Trove: D:10 (give +4 demon whip)

Annotations:
D:10 2 transporters, ojifijod's ghost, novice FoFi


Innate Abilities, Weirdness & Mutations

You have an increased reservoir of magic. (+10% MP)
You shall have no god before yourself.
Your divine heritage dramatically boosts your attributes as you level up.


Message History

Confirm with . or Enter, or press ? or * to list all spells.
Aiming: Stone Arrow (safe; 1% risk of failure)
Press: ? - help, Shift-Dir - straight line, f - white ugly thing
Aim: a white ugly thing (ally target, 78% to hit)
The stone arrow hits the white ugly thing!
The white ugly thing is lightly wounded.
You block the white ugly thing's attack.
You barely miss the white ugly thing.
The white ugly thing is lightly wounded.
The yak gores your lightning spire but does no damage.
You block the white ugly thing's attack.
The yak gores your lightning spire but does no damage.
You slash the white ugly thing! You freeze the white ugly thing.
The white ugly thing is moderately wounded.
Your lightning spire shoots out a bolt of lightning at the yak!
The bolt of electricity hits the yak!
The bolt of electricity hits the purple ugly thing!!
You feel a bit more experienced. The white ugly thing stings you.
The white ugly thing freezes you!! The yak gores your lightning spire.
You block the white ugly thing's attack.
Your magical contamination has completely faded away.
You closely miss the white ugly thing.
The white ugly thing is moderately wounded.
The yak gores your lightning spire but does no damage.
The white ugly thing stings you. The white ugly thing freezes you!!
* * * LOW HITPOINT WARNING * * *
Your lightning spire shoots out a bolt of lightning at the yak!
The bolt of electricity hits the yak!
The bolt of electricity hits the purple ugly thing!!
The white ugly thing attacks as it pursues you!
The white ugly thing stings you but does no damage.
You see here 7 stones.
The white ugly thing completely misses you.
The white ugly thing attacks as it pursues you!
The white ugly thing stings you but does no damage.
As you read the scroll of teleportation, it crumbles to dust.
You feel strangely unstable. The white ugly thing stings you!
* * * LOW HITPOINT WARNING * * *
The white ugly thing freezes you!!
You die...

..........................
..........................
..............#######..)
..................#...
##.####.####.###..'...
#...#..........#..'...
#.#.#..###..###.#..#...
Yu8#(#...#..=#.##...#...
..Y#..#u@.###..#..##.##...
.....##.#.#.......####......
.... #.###..........#......
... .# #..........#......
... # #.#...}..#.#...###..
#..[(}.#.#.##...#..
#.#..(...#.#)#...#..
....#)..#.....#...#..
#..#....#^......#...#..


You could see a white ugly thing.

Vanquished Creatures
  Josephine (D:12)
  A hydra (D:12)
  An ogre mage (D:12)
  A boulder beetle (D:12)
  2 two-headed ogres
  A tengu warrior (D:12)
  A deep elf pyromancer (D:12)
  An ugly thing (D:9)
  2 cyclopes
  A manticore (D:12)
  A gargoyle (D:12)
  2 unseen horrors
  A yaktaur (D:12)
  Maggie (D:8)
  A kobold demonologist (D:8)
  A hornet (D:9)
  2 slime creatures (D:12)
  30 yaks
  3 wyverns
  4 wraiths
  4 vampire mosquitoes
  An acid dragon (D:12)
  3 orc warriors
  2 water moccasins
  2 ice beasts
  2 sky beasts (D:8)
  An ogre (D:5)
  A boggart (D:12)
  6 centaurs
  3 phantoms
  11 kobold brigands
  A bullfrog (D:7)
  5 scorpions
  2 gnoll sergeants
  16 wights
  7 killer bees
  3 electric eels (D:5)
  4 howler monkeys (D:11)
  A crimson imp (D:6)
  5 hounds
  A jelly (D:6)
  6 orc priests
  Natasha (twice) (D:4)
  4 iguanas
  7 orc wizards
  4 adders
  8 gnolls
  A shadow imp (D:6)
  A white imp (D:8)
  2 ufetubi (D:5)
  A dart slug (D:4)
  18 orcs
  12 endoplasms
  2 giant cockroaches
  6 goblins
  4 hobgoblins
  6 jackals
  6 kobolds
  6 ball pythons
  6 bats
  5 frilled lizards
  4 rats
  A spectral orc (D:7)
251 creatures vanquished.

Vanquished Creatures (collateral kills)
  2 two-headed ogres (D:12)
  2 boulder beetles (D:12)
  3 cyclopes (D:12)
  An ugly thing (D:11)
  2 manticores (D:12)
  A kobold demonologist (D:11)
  A troll (D:12)
  A guardian mummy (D:10)
  6 slime creatures (D:12)
  2 wraiths (D:12)
  5 yaks
  A vampire mosquito (D:12)
  An acid dragon (D:12)
  3 kobold brigands (D:11)
  An orc priest (D:12)
  An orc (D:11)
  2 kobolds (D:11)
35 creatures vanquished.

Grand Total: 286 creatures vanquished

Notes
Turn   | Place    | Note
-------+----------+-------------------------------------------
     0 | D:1      | wingedge the Demigod Wanderer began the quest for the Orb.
     0 | D:1      | wingedge set off with the following items: a +2 dagger, 3
                  | curare-tipped darts, a +0 buckler, a scroll of blinking, a
                  | +0 robe; and the following spell memorised: Sandblast; and
                  | the following spells available to memorise: Stone Arrow.
     0 | D:1      | Reached XP level 1. HP: 16/16 MP: 5/5
   203 | D:1      | Reached XP level 2. HP: 21/23 MP: 7/7
   916 | D:2      | Reached XP level 3. HP: 24/29 MP: 8/8
   971 | D:2      | Reached skill level 1 in Conjurations
  1858 | D:3      | Reached XP level 4. HP: 17/36 MP: 1/10
  2495 | D:3      | Found Conko's Antique Weapon Boutique.
  2877 | D:4      | Noticed Natasha
  2881 | D:4      | Killed Natasha
  2918 | D:4      | Learned a level 3 spell: Stone Arrow
  3018 | D:4      | Reached XP level 5. HP: 41/41 MP: 9/11
  3037 | D:4      | Found Azxen's Weapon Boutique.
  3062 | D:4      | Noticed Natasha
  3079 | D:4      | Killed Natasha
  3516 | D:5      | Entered Level 5 of the Dungeon
  3524 | D:5      | Noticed an ogre
  3530 | D:5      | Killed an ogre
  3646 | D:5      | Found a transporter.
  3735 | D:3      | Bought a runed broad axe for 168 gold pieces
  3820 | D:5      | Reached XP level 6. HP: 33/48 MP: 11/13
  4111 | D:5      | Found Daown's General Store.
  4131 | D:5      | Found a transporter.
  4198 | D:5      | Reached XP level 7. HP: 52/55 MP: 2/14
  4737 | D:5      | Reached skill level 5 in Conjurations
  4737 | D:5      | Reached skill level 5 in Earth Magic
  5162 | D:5      | Found a staircase to the Ecumenical Temple.
  5395 | D:5      | Bought a potion of heal wounds for 65 gold pieces
  5636 | D:6      | Reached XP level 8. HP: 66/66 MP: 13/17
  6186 | D:6      | Reached skill level 5 in Spellcasting
  7212 | D:7      | HP: 3/66 [poisoned by a killer bee]
  7217 | D:7      | Reached XP level 9. HP: 22/71 MP: 6/21
  7222 | D:7      | Reached skill level 1 in Air Magic
  7225 | D:7      | HP: 3/71 [poisoned by a killer bee]
  8020 | D:8      | Reached skill level 2 in Air Magic
  8214 | D:8      | Reached skill level 3 in Air Magic
  8545 | D:8      | Noticed Maggie
  8552 | D:8      | Killed Maggie
  8553 | D:8      | Reached skill level 4 in Air Magic
  8750 | D:8      | Noticed a kobold demonologist
  8768 | D:8      | Reached skill level 1 in Summonings
  8913 | D:8      | Reached skill level 5 in Air Magic
  9369 | D:8      | Learned a level 4 spell: Summon Lightning Spire
  9757 | D:8      | Reached skill level 1 in Armour
  9860 | D:8      | Noticed an orange demon
  9860 | D:8      | Killed a kobold demonologist
 10232 | D:8      | Reached skill level 6 in Air Magic
 10581 | D:9      | Reached XP level 10. HP: 78/78 MP: 15/22
 10945 | D:9      | Reached skill level 5 in Summonings
 11641 | D:9      | Noticed a purple ugly thing
 11648 | D:9      | Killed a purple ugly thing
 12115 | D:10     | Entered Level 10 of the Dungeon
 12146 | D:10     | Found a staircase to the Orcish Mines.
 12191 | D:10     | Noticed a moth of wrath
 12200 | D:10     | Found a transporter.
 12669 | D:10     | Noticed a two-headed ogre
 12675 | D:10     | Killed a two-headed ogre
 12676 | D:10     | Reached skill level 7 in Air Magic
 12761 | D:10     | Found Lycaith's Self-Improvement Boutique.
 12933 | D:10     | Found a portal to a secret trove of treasure.
 13250 | D:10     | Noticed ojifijod's ghost (novice FoFi)
 13257 | D:10     | Found a transporter.
 13430 | D:11     | Noticed a cyclops
 13434 | D:11     | Killed a cyclops
 13435 | D:11     | Reached XP level 11. HP: 73/84 MP: 12/25
 13589 | D:11     | Noticed a soul eater
 13925 | D:11     | Found a staircase to the Lair.
 14049 | D:11     | Found Cexka's Book Emporium.
 14382 | D:12     | Noticed Josephine
 14382 | D:12     | Noticed a boulder beetle
 14395 | D:12     | Identified a scroll of acquirement
 14395 | D:12     | Acquired the ring of Muinal {rC- Will++ Str+6 Int+3 Stlth+}
 14404 | D:12     | Killed Josephine
 14408 | D:12     | Reached skill level 8 in Air Magic
 14412 | D:12     | Killed a boulder beetle
 14416 | D:12     | HP: 1/84 [wraith[Josephine] (8)]
 15761 | D:12     | Noticed a boulder beetle
 15772 | D:12     | Killed a boulder beetle
 15980 | D:12     | Reached skill level 9 in Air Magic
 16020 | D:12     | Noticed a two-headed ogre
 16028 | D:12     | Killed a two-headed ogre
 16066 | D:12     | Reached XP level 12. HP: 82/93 MP: 6/28
 16181 | D:12     | Learned a level 4 spell: Airstrike
 16200 | D:12     | Identified the +2 arbalest of Diro {freeze, rF+}
 16266 | D:12     | Reached skill level 5 in Fighting
 16268 | D:12     | Reached skill level 1 in Fire Magic
 16270 | D:12     | Noticed a boulder beetle
 16596 | D:12     | Noticed an ogre mage
 16599 | D:12     | Identified the ring "Ompotz" {Fly rF+ rCorr Dex-5 Stlth+}
 16600 | D:12     | Killed an ogre mage
 16941 | D:12     | Killed a boulder beetle
 17252 | D:12     | Noticed an eight-headed hydra
 17257 | D:12     | Killed an eight-headed hydra
 17618 | D:12     | Reached skill level 10 in Air Magic
 17628 | D:12     | Identified the +3 arbalest of Disgust {heavy, rPois rF+}
 17808 | D:12     | Mangled by a white ugly thing

Illustrated notes

Levels and vault maps discovered:
D:1:      eino_arrival_cavern_e, layout_loops_ring,
          shapermc_ecumenical_altar_starsandcircs
D:2:      layout_basic, minmay_pentomino_p4
D:3:      layout_basic, mainiacjoe_overflow_chevrons, serial_shops,
          nicolae_shop_waterfront
D:4:      layout_rooms, mainiacjoe_overflow_surrounded_room,
          mainiacjoe_overflow_alcove_2, serial_shops,
          nicolae_shop_bloodbath_and_beyond, uniq_natasha
D:5:      gammafunk_steamed_eel, layout_rooms, mainiacjoe_overflow_tiny_flanked,
          temple_doors_e, chequers_serial_rivers_large_b,
          nicolae_wooded_promenade
D:6:      layout_loops_cross, mainiacjoe_overflow_24_doors,
          makhleb_grotto_becter, st_stairs_9, kennysheep_nub
D:7:      layout_basic, yredelemnul_forgotten_temple_becter,
          grunt_temple_overflow_open
D:8:      layout_gridville, mainiacjoe_overflow_cross_hatched, kennysheep_mini,
          special_room [special_room_kobold], uniq_maggie
D:9:      layout_roguey
D:10:     layout_irregular_city, nemelex_xobeh_ov_fountains_minmay,
          mainiacjoe_overflow_catwalk, orc_0_dummy,
          nicolae_trove_entry_path_of_doom, gammafunk_ghost_berserking_beasts,
          nicolae_shop_self_help
D:11:     layout_grid_maze, lair_entry_dummy, serial_shops, shop
D:12:     minmay_evil_eye, layout_irregular_city,
          minmay_the_grid_square_5x5_3x3_mashed [minmay_the_grid_square_5x5_v,
          minmay_the_grid_square_5x5_minimal,
          minmay_the_grid_square_5x5_inner_v,
          minmay_the_grid_square_5x5_inner_i,
          minmay_the_grid_square_5x5_megaprize_open,
          minmay_the_grid_square_5x5_misaligned,
          minmay_the_grid_square_5x5_longway,
          minmay_the_grid_square_5x5_half_checkered,
          minmay_the_grid_square_5x5_two_walls_b], uniq_josephine

Skill      XL: |  1  2  3  4  5  6  7  8  9 10 11 12 |
---------------+-------------------------------------+-----
Throwing       | 2 |  2.0
Earth Magic    | 2 3 4 5 6 |  6.0
Spellcasting   | 2 3 4 5 6 8 9 |  9.3
Shields        | 3 |  3.0
Fighting       | 2 3 4 6 |  6.5
Conjurations   | 1 2 3 4 5 6 |  6.0
Air Magic      | 6 7 9 10 | 10.0
Summonings     | 3 7 9 |  9.1
Armour         | 2 3 |  3.0
Fire Magic     | 4 |  4.0

Action                     |  1- 3 |  4- 6 |  7- 9 | 10-12 || total
---------------------------+-------+-------+-------+-------++-------
  Melee: Dagger            |    73 |     2 |       |     4 ||    79
         Broad axe         |       |    10 |    40 |    60 ||   110
  Throw: Dart              |       |       |     3 |     9 ||    12
   Cast: Sandblast         |    34 |    50 |     4 |       ||    88
         Stone Arrow       |       |    11 |   157 |   222 ||   390
         Summon Lightning  |       |       |       |    29 ||    29
         Airstrike         |       |       |       |     8 ||     8
  Evoke: Wand              |       |     7 |     8 |     2 ||    17
    Use: Scroll            |       |     5 |     4 |    12 ||    21
         Potion            |       |       |     3 |     4 ||     7
   Stab: Sleeping          |     1 |       |       |       ||     1
         Distracted        |     1 |       |       |       ||     1
 Armour: Robe              |    47 |    43 |    65 |       ||   155
         Acid dragon scale |       |       |    33 |   141 ||   174
         Scale mail        |       |       |       |     1 ||     1
  Dodge: Dodged            |    30 |    18 |    72 |   120 ||   240
  Block: Buckler           |    14 |     8 |    36 |   124 ||   182
         Reflection        |       |       |       |    14 ||    14

Table legend: (Time is in decaauts)
 A = Elapsed time spent in this place.
 B = Non-inter-level travel time spent in this place.
 C = Inter-level travel time spent in this place.
 D = Time resting spent in this place.
 E = Time spent auto-exploring this place.
 F = Levels seen in this place.
 G = Mean time per level.
                   A        B        C        D        E       F      G
               +--------+--------+--------+--------+--------+-----+--------+
         Total |  18009 |  17388 |    621 |   7035 |   7854 |  12 | 1500.8 |
       Dungeon |  18009 |  17388 |    621 |   7035 |   7854 |  12 | 1500.8 |
               +--------+--------+--------+--------+--------+-----+--------+

Top non-repeatable levels by time:
     D:8: 2375 daAuts
    D:11: 2262 daAuts
    D:12: 2044 daAuts
     D:7: 1934 daAuts
     D:5: 1640 daAuts
     D:9: 1474 daAuts
    D:10: 1446 daAuts
     D:3: 1242 daAuts
     D:4: 1035 daAuts
     D:1: 883 daAuts
     D:6: 869 daAuts
     D:2: 800 daAuts
